General information
- name: BNet
- type: Ladder team game (AT/RT)
- host: Battle.net
- saver: Fortune
map: DragonFalls
- players: 8
- length: 31:16
- speed: Fast
- version: 1.27 W3XP
- replay type: Public
» download(198 KB)
Players
team 1 (winner)

»
Itazo2 (
blue | 87 APM | 2709 actions | 31:16)
2 Far Seer
1 Far Sight
1 Feral Spirit
» actions
| Assign group hotkey | 611 | |
| Basic commands | 370 | |
| Build / train | 70 | |
| ESC pressed | 2 | |
| Enter build submenu | 14 | |
| Enter hero's abilities submenu | 2 | |
| Right click | 749 | |
| Select / deselect | 299 | |
| Select group hotkey | 538 | |
| Use ability | 52 | |
2709 total
» units
» upgrades
| Ranged Weapons | 3 | |
| Liquid Fire | 1 | |
| Armor | 3 | |
| Reinforced Defenses | 1 | |
| Spiked Barricades | 1 | |
9 total
» buildings
| Altar of Storms | 1 | |
| Orc Burrow | 7 | |
| Voodoo Lounge | 1 | |
| War Mill | 1 | |
| Stronghold | 1 | |
| Fortress | 1 | |
| Beastiary | 2 | |
| Great Hall | 1 | |
15 total
» build order
00:04 Altar of Storms
00:24 Orc Burrow
01:07 Voodoo Lounge
01:41 War Mill
02:11 Stronghold
02:57 Orc Burrow
04:21 Orc Burrow
04:36 Fortress
04:41 Beastiary
04:47 Beastiary
05:01 Orc Burrow
06:34 Orc Burrow
18:38 Great Hall
20:24 Orc Burrow
20:27 Orc Burrow
» items
| Lesser Clarity Potion | 4 | |
| Healing Salve | 1 | |
5 total
CorgiMonster (
pink | 72 APM | 2103 actions | 29:19)
7 Crypt Lord
3 Carrion Beetles
3 Spiked Carapace
1 Locust Swarm
3 Dreadlord
2 Vampiric Aura
1 Sleep
» actions
| Assign group hotkey | 41 | |
| Basic commands | 17 | |
| Build / train | 64 | |
| Enter build submenu | 22 | |
| Enter hero's abilities submenu | 10 | |
| Give item / drop item | 1 | |
| Remove unit from queue | 1 | |
| Right click | 767 | |
| Select / deselect | 286 | |
| Select group hotkey | 859 | |
| Use ability | 35 | |
2103 total
» units
| Acolyte | 7 | |
| Ghoul | 5 | |
| Crypt Fiend | 8 | |
| Gargoyle | 9 | |
| Green Dragon Whelp | 1 | |
| Green Drake | 1 | |
| Green Dragon | 1 | |
| Obsidian Statue | 2 | |
34 total
» upgrades
| Creature Attack | 3 | |
| Creature Carapace | 3 | |
| Web | 1 | |
7 total
» buildings
| Altar of Darkness | 1 | |
| Ziggurat | 13 | |
| Graveyard | 1 | |
| Crypt | 2 | |
| Nerubian Tower | 1 | |
| Tomb of Relics | 1 | |
| Halls of the Dead | 1 | |
| Spirit Tower | 4 | |
| Black Citadel | 1 | |
| Slaughterhouse | 1 | |
26 total
» build order
00:13 Altar of Darkness
00:16 Ziggurat
00:24 Graveyard
01:31 Crypt
01:40 Crypt
01:50 Nerubian Tower
02:03 Tomb of Relics
03:25 Ziggurat
03:41 Ziggurat
03:47 Ziggurat
08:01 Ziggurat
08:04 Ziggurat
08:19 Halls of the Dead
08:30 Ziggurat
08:36 Ziggurat
08:44 Ziggurat
09:02 Spirit Tower
09:19 Spirit Tower
10:06 Spirit Tower
10:48 Black Citadel
11:02 Spirit Tower
13:15 Slaughterhouse
18:38 Ziggurat
18:41 Ziggurat
20:12 Ziggurat
20:16 Ziggurat
» items
| Potion of Healing | 1 | |
| Orb of Lightning | 1 | |
2 total
Fortune (
teal | 90 APM | 2804 actions | 31:16)
5 Death Knight
3 Death Coil
2 Unholy Aura
2 Lich
1 Frost Nova
1 Frost Armor
» actions
| Assign group hotkey | 39 | |
| Basic commands | 192 | |
| Build / train | 135 | |
| Enter build submenu | 28 | |
| Enter hero's abilities submenu | 7 | |
| Give item / drop item | 9 | |
| Right click | 971 | |
| Select / deselect | 467 | |
| Select group hotkey | 801 | |
| Use ability | 155 | |
2804 total
» units
| Acolyte | 7 | |
| Ghoul | 1 | |
| Crypt Fiend | 9 | |
| Goblin Shredder | 10 | |
| Goblin Zeppelin | 11 | |
| Abomination | 1 | |
| Goblin Sapper | 4 | |
| Gargoyle | 3 | |
| Frost Wyrm | 2 | |
| Obsidian Statue | 1 | |
49 total
» upgrades
| Burrow | 1 | |
| Creature Attack | 3 | |
| Creature Carapace | 3 | |
| Web | 2 | |
| Disease Cloud | 1 | |
| Destroyer Form | 1 | |
| Unholy Armor | 3 | |
| Freezing Breath | 1 | |
| Unholy Strength | 1 | |
| Stone Form | 1 | |
| Ghoul Frenzy | 1 | |
| Cannibalize | 1 | |
19 total
» buildings
| Graveyard | 1 | |
| Crypt | 4 | |
| Altar of Darkness | 1 | |
| Ziggurat | 8 | |
| Tomb of Relics | 2 | |
| Halls of the Dead | 2 | |
| Necropolis | 1 | |
| Nerubian Tower | 6 | |
| Black Citadel | 4 | |
| Spirit Tower | 9 | |
| Sacrificial Pit | 1 | |
| Slaughterhouse | 3 | |
| Boneyard | 3 | |
45 total
» build order
00:09 Graveyard
00:13 Crypt
00:40 Altar of Darkness
00:57 Ziggurat
01:29 Tomb of Relics
01:32 Tomb of Relics
02:00 Ziggurat
04:10 Halls of the Dead
04:50 Necropolis
05:53 Ziggurat
06:05 Ziggurat
06:58 Nerubian Tower
08:49 Nerubian Tower
08:50 Nerubian Tower
08:50 Nerubian Tower
09:55 Black Citadel
09:55 Black Citadel
10:37 Spirit Tower
10:37 Spirit Tower
10:38 Spirit Tower
11:39 Sacrificial Pit
11:47 Slaughterhouse
13:33 Ziggurat
13:36 Ziggurat
13:41 Ziggurat
13:42 Ziggurat
14:43 Nerubian Tower
14:43 Spirit Tower
14:43 Spirit Tower
16:28 Boneyard
16:30 Boneyard
16:35 Boneyard
16:39 Crypt
16:42 Crypt
16:48 Crypt
17:09 Slaughterhouse
17:14 Slaughterhouse
» items
| Rod of Necromancy | 3 | |
| Sacrificial Skull | 4 | |
| Periapt of Vitality | 4 | |
| Circlet of Nobility | 1 | |
| Staff of Teleportation | 2 | |
| Potion of Lesser Invulnerability | 3 | |
| Scroll of Town Portal | 2 | |
| Orb of Corruption | 1 | |
| Tiny Great Hall | 1 | |
| Orb of Lightning | 1 | |
22 total
DIPPING.MYPIECE (
yellow | 61 APM | 1896 actions | 31:16)
5 Blademaster
3 Wind Walk
2 Critical Strike
» actions
| Assign group hotkey | 24 | |
| Basic commands | 132 | |
| Build / train | 59 | |
| Enter build submenu | 20 | |
| Enter hero's abilities submenu | 5 | |
| Give item / drop item | 2 | |
| Right click | 794 | |
| Select / deselect | 218 | |
| Select group hotkey | 533 | |
| Use ability | 108 | |
1896 total
» units
| Peon | 8 | |
| Goblin Shredder | 3 | |
| Wind Rider | 8 | |
| Goblin Sapper | 8 | |
| Raider | 1 | |
28 total
» upgrades
| Reinforced Defenses | 1 | |
| Envenomed Spears | 1 | |
| Ranged Weapons | 2 | |
| Armor | 2 | |
6 total
» buildings
| Altar of Storms | 1 | |
| Orc Burrow | 7 | |
| Voodoo Lounge | 2 | |
| War Mill | 1 | |
| Stronghold | 1 | |
| Watch Tower | 17 | |
| Fortress | 4 | |
| Beastiary | 3 | |
| Great Hall | 2 | |
38 total
» build order
00:08 Altar of Storms
00:21 Orc Burrow
00:56 Voodoo Lounge
01:23 War Mill
02:27 Stronghold
02:36 Orc Burrow
02:38 Orc Burrow
02:38 Orc Burrow
04:33 Watch Tower
04:33 Watch Tower
04:33 Watch Tower
05:58 Fortress
05:58 Fortress
05:58 Fortress
06:36 Beastiary
06:36 Beastiary
07:57 Great Hall
08:03 Watch Tower
08:03 Watch Tower
08:05 Great Hall
08:09 Watch Tower
08:09 Watch Tower
08:11 Watch Tower
09:14 Watch Tower
09:14 Watch Tower
10:27 Voodoo Lounge
10:29 Watch Tower
11:40 Watch Tower
11:41 Watch Tower
14:35 Watch Tower
14:36 Watch Tower
14:36 Watch Tower
14:37 Watch Tower
14:39 Orc Burrow
14:41 Orc Burrow
16:32 Beastiary
28:41 Orc Burrow
» items
| Healing Salve | 4 | |
| Lesser Clarity Potion | 3 | |
| Boots of Speed | 1 | |
| Staff of Teleportation | 1 | |
| Scroll of Town Portal | 4 | |
| Orb of Lightning | 1 | |
14 total
team 2 (loser)
YouLose32 (
red | 55 APM | 902 actions | 16:22)
3 Paladin
1 Holy Light
2 Devotion Aura
2 Mountain King
1 Storm Bolt
1 Bash
» actions
| Assign group hotkey | 116 | |
| Basic commands | 1 | |
| Build / train | 58 | |
| Enter build submenu | 43 | |
| Enter hero's abilities submenu | 5 | |
| Remove unit from queue | 2 | |
| Right click | 265 | |
| Select / deselect | 228 | |
| Select group hotkey | 132 | |
| Use ability | 52 | |
902 total
» units
| Peasant | 14 | |
| Rifleman | 10 | |
| Satyr Shadowdancer | 1 | |
| Mortar Team | 2 | |
| Gryphon Rider | 1 | |
| Siege Engine | 2 | |
| Archer | 3 | |
33 total
» upgrades
| Gunpowder | 1 | |
| Lumber Harvesting | 2 | |
| Masonry | 2 | |
| Barrage | 1 | |
6 total
» buildings
| Barracks | 1 | |
| Altar of Kings | 1 | |
| Farm | 10 | |
| Blacksmith | 1 | |
| Lumber Mill | 2 | |
| Scout Tower | 13 | |
| Guard Tower | 4 | |
| Arcane Tower | 3 | |
| Town Hall | 3 | |
| Keep | 2 | |
| Castle | 1 | |
| Workshop | 2 | |
| Gryphon Aviary | 1 | |
44 total
» build order
00:44 Barracks
00:56 Altar of Kings
01:13 Farm
01:25 Blacksmith
01:27 Lumber Mill
02:20 Farm
02:27 Scout Tower
02:58 Farm
03:10 Guard Tower
03:36 Scout Tower
03:40 Farm
03:49 Scout Tower
04:03 Scout Tower
04:19 Guard Tower
04:22 Scout Tower
04:24 Farm
04:43 Arcane Tower
05:01 Arcane Tower
05:35 Town Hall
05:46 Farm
06:25 Keep
08:14 Scout Tower
08:47 Castle
09:00 Arcane Tower
09:05 Scout Tower
09:24 Workshop
09:30 Lumber Mill
09:49 Workshop
09:57 Scout Tower
09:58 Guard Tower
10:41 Gryphon Aviary
10:48 Farm
11:23 Guard Tower
11:26 Scout Tower
11:30 Farm
12:17 Farm
12:19 Scout Tower
12:40 Farm
13:46 Town Hall
13:50 Town Hall
14:37 Keep
14:48 Scout Tower
14:49 Scout Tower
14:49 Scout Tower
15:43 Guard Tower
thecromeanator (
orange | 42 APM | 627 actions | 15:06)
2 Priestess of the Moon
1 Trueshot Aura
1 Searing Arrows
1 Keeper of the Grove
1 Entangling Roots
» actions
| Assign group hotkey | 12 | |
| Build / train | 42 | |
| Enter build submenu | 15 | |
| Enter hero's abilities submenu | 3 | |
| Right click | 199 | |
| Select / deselect | 237 | |
| Select group hotkey | 91 | |
| Use ability | 28 | |
627 total
» units
» upgrades
| Ultravision | 1 | |
| Strength of the Moon | 1 | |
| Strength of the Wild | 1 | |
| Nature's Blessing | 1 | |
| Sentinel | 1 | |
5 total
» buildings
| Moon Well | 5 | |
| Altar of Elders | 1 | |
| Ancient of War | 1 | |
| Ancient of Wonders | 1 | |
| Hunter's Hall | 1 | |
| Ancient Protector | 3 | |
| Tree of Ages | 1 | |
| Tree of Life | 3 | |
16 total
» build order
00:16 Moon Well
00:29 Altar of Elders
01:12 Moon Well
01:49 Ancient of War
02:08 Moon Well
02:12 Ancient of Wonders
02:45 Hunter's Hall
03:09 Moon Well
04:18 Moon Well
05:19 Ancient Protector
07:14 Tree of Ages
10:26 Ancient Protector
10:33 Ancient Protector
11:28 Tree of Life
12:37 Tree of Life
14:26 Tree of Life
» items
WizardOfOz (
green | 45 APM | 1405 actions | 31:16)
5 Archmage
3 Summon Water Elemental
2 Brilliance Aura
» actions
| Assign group hotkey | 54 | |
| Basic commands | 33 | |
| Build / train | 104 | |
| Enter build submenu | 106 | |
| Enter hero's abilities submenu | 5 | |
| Give item / drop item | 4 | |
| Remove unit from queue | 2 | |
| Right click | 397 | |
| Select / deselect | 411 | |
| Select group hotkey | 123 | |
| Use ability | 165 | |
1405 total
» units
| Peasant | 12 | |
| Footman | 4 | |
| Goblin Shredder | 2 | |
| Goblin Zeppelin | 2 | |
| Dragonhawk Rider | 2 | |
| Green Dragon | 1 | |
| Wisp | 5 | |
28 total
» upgrades
| Masonry | 3 | |
| Lumber Harvesting | 2 | |
| Magic Sentry | 1 | |
| Cloud | 1 | |
| Storm Hammers | 1 | |
| Flak Cannons | 1 | |
| Fragmentation Shards | 1 | |
| Flare | 1 | |
| Barrage | 1 | |
| Gunpowder | 2 | |
| Plating | 2 | |
16 total
» buildings
| Altar of Kings | 1 | |
| Barracks | 2 | |
| Farm | 5 | |
| Scout Tower | 78 | |
| Lumber Mill | 4 | |
| Arcane Tower | 3 | |
| Keep | 1 | |
| Arcane Vault | 3 | |
| Town Hall | 4 | |
| Guard Tower | 36 | |
| Castle | 1 | |
| Arcane Sanctum | 1 | |
| Gryphon Aviary | 5 | |
| Blacksmith | 2 | |
| Workshop | 4 | |
| Tree of Life | 1 | |
| Moon Well | 2 | |
153 total
» build order
00:38 Altar of Kings
00:40 Barracks
00:50 Farm
00:52 Farm
01:04 Farm
01:46 Farm
02:21 Scout Tower
02:43 Lumber Mill
03:18 Arcane Tower
03:47 Keep
04:15 Arcane Vault
04:25 Town Hall
04:42 Scout Tower
04:48 Scout Tower
04:52 Scout Tower
04:56 Scout Tower
04:58 Scout Tower
05:12 Arcane Tower
05:20 Guard Tower
05:41 Guard Tower
05:52 Guard Tower
06:09 Guard Tower
06:44 Castle
07:40 Scout Tower
07:41 Scout Tower
07:42 Scout Tower
07:42 Scout Tower
07:46 Scout Tower
07:47 Scout Tower
08:15 Guard Tower
08:18 Guard Tower
08:25 Guard Tower
09:28 Guard Tower
11:43 Scout Tower
11:43 Scout Tower
11:46 Arcane Sanctum
11:49 Scout Tower
12:29 Arcane Tower
12:30 Guard Tower
12:44 Gryphon Aviary
12:47 Gryphon Aviary
12:55 Gryphon Aviary
12:57 Gryphon Aviary
12:59 Gryphon Aviary
13:32 Scout Tower
13:33 Scout Tower
13:33 Scout Tower
13:34 Scout Tower
13:34 Scout Tower
13:43 Scout Tower
13:57 Farm
14:00 Guard Tower
14:03 Guard Tower
14:04 Guard Tower
14:04 Guard Tower
14:05 Guard Tower
14:05 Guard Tower
14:06 Guard Tower
14:06 Guard Tower
14:10 Guard Tower
14:29 Guard Tower
14:31 Scout Tower
14:31 Scout Tower
14:33 Scout Tower
14:33 Scout Tower
14:34 Scout Tower
15:07 Guard Tower
16:38 Town Hall
16:41 Scout Tower
16:42 Scout Tower
16:43 Scout Tower
16:44 Scout Tower
16:46 Scout Tower
16:47 Scout Tower
16:47 Scout Tower
16:49 Scout Tower
16:52 Arcane Vault
17:30 Guard Tower
18:29 Guard Tower
18:35 Scout Tower
18:38 Scout Tower
18:40 Scout Tower
18:42 Scout Tower
18:48 Scout Tower
19:04 Guard Tower
19:08 Guard Tower
19:10 Guard Tower
19:18 Scout Tower
19:20 Scout Tower
19:22 Scout Tower
19:24 Scout Tower
19:34 Scout Tower
19:34 Scout Tower
19:35 Scout Tower
19:35 Scout Tower
19:35 Scout Tower
19:40 Scout Tower
19:40 Scout Tower
19:41 Scout Tower
19:41 Scout Tower
19:41 Scout Tower
19:43 Scout Tower
19:44 Scout Tower
19:45 Scout Tower
19:45 Scout Tower
19:46 Scout Tower
19:47 Scout Tower
19:52 Scout Tower
19:52 Scout Tower
19:53 Scout Tower
19:53 Scout Tower
19:54 Scout Tower
20:00 Guard Tower
20:27 Guard Tower
20:47 Guard Tower
21:09 Guard Tower
21:17 Guard Tower
21:19 Guard Tower
21:43 Guard Tower
21:44 Guard Tower
22:11 Scout Tower
22:12 Scout Tower
22:14 Scout Tower
22:14 Scout Tower
22:23 Scout Tower
22:23 Scout Tower
22:24 Scout Tower
22:24 Scout Tower
22:26 Scout Tower
22:43 Blacksmith
22:46 Blacksmith
23:40 Guard Tower
24:02 Barracks
24:04 Workshop
24:06 Workshop
24:09 Workshop
24:10 Workshop
24:38 Lumber Mill
24:47 Lumber Mill
25:23 Tree of Life
25:36 Moon Well
25:37 Moon Well
25:50 Town Hall
26:03 Scout Tower
26:07 Lumber Mill
26:32 Town Hall
26:35 Scout Tower
26:36 Scout Tower
26:37 Scout Tower
26:38 Scout Tower
26:41 Arcane Vault
27:15 Guard Tower
» items
| Scroll of Regeneration | 4 | |
| Mechanical Critter | 3 | |
| Potion of Mana | 1 | |
| Potion of Healing | 3 | |
11 total

»
MadDosa (
purple | 48 APM | 780 actions | 16:16)
3 Warden
2 Fan of Knives
1 Shadow Strike
2 Keeper of the Grove
1 Entangling Roots
1 Thorns Aura
» actions
| Assign group hotkey | 13 | |
| Build / train | 48 | |
| Enter build submenu | 21 | |
| Enter hero's abilities submenu | 5 | |
| Give item / drop item | 2 | |
| Remove unit from queue | 1 | |
| Right click | 300 | |
| Select / deselect | 147 | |
| Select group hotkey | 198 | |
| Use ability | 45 | |
780 total
» units
| Wisp | 16 | |
| Huntress | 5 | |
| Druid of the Claw | 9 | |
30 total
» upgrades
| Strength of the Wild | 1 | |
| Druid of the Claw Training | 2 | |
3 total
» buildings
| Altar of Elders | 1 | |
| Moon Well | 7 | |
| Hunter's Hall | 1 | |
| Ancient of War | 1 | |
| Tree of Ages | 1 | |
| Ancient Protector | 1 | |
| Ancient of Wonders | 1 | |
| Ancient of Lore | 2 | |
| Tree of Eternity | 1 | |
16 total
» build order
00:11 Altar of Elders
00:15 Moon Well
01:17 Hunter's Hall
01:47 Ancient of War
02:00 Moon Well
02:57 Tree of Ages
03:53 Moon Well
04:13 Ancient Protector
04:20 Ancient of Wonders
05:49 Ancient of Lore
06:26 Tree of Eternity
07:04 Moon Well
09:08 Moon Well
09:57 Moon Well
10:44 Moon Well
11:25 Ancient of Lore
» items
| Potion of Healing | 1 | |
| Potion of Lesser Invulnerability | 1 | |
| Boots of Speed | 1 | |
| Dust of Appearance | 1 | |
| Scroll of Town Portal | 1 | |
5 total
Chat log
(00:45 / Allies) Fortune: I call the inside expo cuz I'm undead
(01:00 / Allies) DIPPING.MYPIECE: what is inside exp
(01:05 / Allies) Fortune: inside
(01:08 / Allies) Fortune: as opposed to outside our bases
(02:57 / All) thecromeanator: did u go farsear with site first?
(03:02 / Allies) Itazo2: Yes
(03:02 / All) DIPPING.MYPIECE: lawl
(03:04 / All) YouLose32: hahaha
(03:05 / All) Itazo2: Yes
(04:18 / Allies) Fortune: 100 wood?
(04:31 / Allies) Itazo2: bm go
(04:33 / Allies) Itazo2: go bm
(04:39 / Allies) Fortune: spare 100 wood pal?
(07:15 / Allies) Itazo2: wood plz
(07:21 / Allies) Fortune: I asked earlier adn you gave me none
(07:22 / Allies) Fortune: when I needed it
(07:25 / Allies) Fortune: so why would I give you any
(08:41 / All) WizardOfOz: brb peeps
(12:22 / All) DIPPING.MYPIECE: my dog caused me to tp like that
(13:06 / All) WizardOfOz: nice mh lol
(13:25 / All) WizardOfOz: corgimher
(14:53 / Allies) DIPPING.MYPIECE: me give dk salve
(14:56 / Allies) Fortune: ty
(15:10 / All) YouLose32: blade master bats is the biggest noobs
(15:19 / All) Itazo2: far seer
(15:21 / All) Itazo2: ashole
(15:29 / All) Itazo2: with that "garbage" spell
(15:30 / All) WizardOfOz: fag
(15:32 / All) WizardOfOz: got the dragon
(15:44 / All) Itazo2: you lose. like in street fighter
(15:56 / All) YouLose32: losing record nj
(16:19 / All) Fortune: raped lawl
(18:09 / All) WizardOfOz: are you walking by with your b m or sumfun
(18:17 / All) Itazo2: you lose!
(18:20 / All) WizardOfOz: lol
(18:25 / All) WizardOfOz: think so?
(18:37 / All) DIPPING.MYPIECE: u definitely lose
(18:40 / All) Itazo2: obvusous
(18:53 / All) WizardOfOz: i got dis
(19:00 / All) Itazo2: froties cold your fuking towers
(20:26 / Allies) CorgiMonster: teal why
(20:37 / Allies) Fortune: you lose!
(21:20 / All) DIPPING.MYPIECE: GG big dragon
(21:44 / All) Fortune: froties cold your fucking allies
(21:47 / All) WizardOfOz: chillin
(21:49 / All) WizardOfOz: eatin pizza
(21:52 / All) WizardOfOz: gettin a win
(22:55 / Allies) Fortune: You lose
(23:04 / Allies) Fortune: froties kill your fuking shit
(23:07 / Allies) Fortune: you both suck ass lol
(23:10 / Allies) Fortune: can't take two allies
(23:12 / All) DIPPING.MYPIECE: shouldnt be disrespectful to ur opponents blue and pink
(23:15 / Allies) Fortune: pink do you even know what shift queue is
(23:18 / Allies) Fortune: I raped your whole army ez pz
(23:26 / All) Itazo2: get my penis yelow
(23:32 / All) Itazo2: you are a peice of shit
(23:39 / All) DIPPING.MYPIECE: TRUMP #1
(23:42 / All) Fortune: eat my shit faggot blue lol
(23:43 / All) Itazo2: i dont care wath you think
(23:53 / All) Itazo2: go to heaven
(23:59 / All) DIPPING.MYPIECE: im sure we owned itazo2 before
(24:08 / All) Itazo2: bla bla bla
(24:14 / All) Itazo2: learn to play
(24:19 / All) DIPPING.MYPIECE: out blue
(24:20 / All) Itazo2: piece of shit
(24:21 / All) Fortune: maybe you should
(24:24 / All) Fortune: can't kill 2 allies lol!
(24:26 / All) Itazo2: no, no fear for me
(24:51 / Allies) Itazo2: kill all of me
(24:57 / Allies) Fortune: will do
(24:58 / Allies) Fortune: get the fuck out
(24:59 / All) DIPPING.MYPIECE: ALREADY ON IT
(25:02 / Allies) Fortune: you lose peice of shit
(25:03 / All) Itazo2: nice shit
(25:09 / All) Itazo2: 2 peaces of shit
(25:14 / All) Fortune: I'm stomping blue
(25:14 / All) Itazo2: american idiot!
(25:16 / All) Fortune: He's a peace of shit
(25:19 / All) Fortune: lol where are you from
(25:20 / All) DIPPING.MYPIECE: trump america #1
(25:26 / All) Fortune: blue, from?
(25:37 / All) Itazo2: die america, i wish terrotist destoy more building this year
(25:43 / All) Fortune: where're you from
(25:48 / All) Itazo2: hell
(25:53 / All) Fortune: good one lol
(26:00 / All) DIPPING.MYPIECE: itazo sounds like a spic name
(26:01 / All) Itazo2: True
(26:02 / All) DIPPING.MYPIECE: probably peru
(26:09 / All) Itazo2: spic my penis
(26:11 / All) Fortune: he's from some south american spic hellhole
(26:13 / All) Itazo2: anytime
(27:22 / All) WizardOfOz: You gotta go back blue
(27:30 / All) WizardOfOz: The wall just got 10 feet higher
(27:40 / All) Itazo2: "filosofic"
(27:41 / All) WizardOfOz: We're gonna make america great again
(27:42 / All) DIPPING.MYPIECE: trump gonna keep him out
(27:46 / All) WizardOfOz: and the first step, is to give you a loss
(27:49 / All) WizardOfOz: and me a win, USA #!
(27:51 / All) Itazo2: wait 100 years
(27:59 / All) Itazo2: USA my penis
(28:16 / All) WizardOfOz: You lost noob
(28:19 / All) Itazo2: this fuking country, just rape all to get wath he need
(28:22 / All) WizardOfOz: Take it on the chin like a man
(28:37 / All) Itazo2: you lose, this is important
(28:40 / All) Itazo2: not me
(28:43 / All) WizardOfOz: no
(28:44 / All) WizardOfOz: i win
(28:49 / All) WizardOfOz: don't you get it?
(28:59 / All) Itazo2: you are playing with your fuking american friend on your side
(29:02 / All) WizardOfOz: We're making america great again
(29:08 / All) Fortune: USA #1
(29:13 / All) Fortune: I'm a canuck and moving to the states
(29:15 / All) Fortune: much better than Canada
(29:21 / All) Itazo2: america never gonna great
(29:26 / All) Fortune: lol!
(29:32 / All) WizardOfOz: We're going to start winning again
(29:37 / All) WizardOfOz: We're going to win so much it'll make you sick
(29:38 / All) Itazo2: haha
(29:48 / All) WizardOfOz: We're going to give you this loss so fast it'll make your head spin
(29:58 / All) Itazo2: ahahah
(30:52 / All) Fortune: Anything you want to say for yourself before I end it?
(30:57 / All) WizardOfOz: SPARE THE DRAGON!!!!
(30:59 / All) Fortune: lawl
(31:06 / All) Fortune: autoweb sucks in tks sometimes